 Dungeon Crawl Stone Soup version 0.26.1-2-gb8aa6d0cf2 (webtiles) character file.

Game seed: 15202946207047761790

157677 Goblin1989 the Dancer (level 17, 0/140 HPs)
             Began as a Demonspawn Delver on Feb 11, 2021.
             Was a Believer of Uskayaw.
             Killed by vampiric draining
             ... invoked by a vampire knight
              (24 damage)
             ... on level 1 of the Depths on Feb 12, 2021.
             The game lasted 01:31:20 (36272 turns).

Goblin1989 the Dancer (Demonspawn Delver)          Turns: 36272, Time: 01:31:21

Health: 0/140      AC: 19    Str: 18    XL:     17   Next: 12%
Magic:  28/28      EV: 23    Int: 13    God:    Uskayaw [**....]
Gold:   602        SH:  6    Dex: 23    Spells: 16/16 levels left

rFire    + . .     SeeInvis .   a - +2 rapier (venom)
rCold    . . .     Faith    .   F - +0 buckler of Beogh's Generosity {Dex+6}
rNeg     . . .     Spirit   .   I - +4 ring mail "Uciradwitz" {rElec Dex+2}
rPois    +         Reflect  .   (helmet unavailable)
rElec    +         Harm     .   u - +0 cloak
rCorr    .         Rampage  .   t - +2 pair of gloves
Will     +++..                  (no boots)
Stlth    +++.......             q - amulet "Gaaseupt" {Will+ Regen+}
HPRegen  0.73/turn              m - ring of willpower
MPRegen  0.21/turn              f - ring of protection from fire

@: mighty
A: horns 3, slimy green scales 3, powered by death 3, powered by pain 2
a: Renounce Religion, Stomp, Line Pass


You were on level 1 of the Depths.
You worshipped Uskayaw.
Uskayaw was pleased with you.
You visited 7 branches of the dungeon, and saw 28 of its levels.
You also visited: Gauntlet.

You collected 2480 gold pieces.
You spent 1878 gold pieces at shops.

Inventory:

Hand Weapons
 a - a +2 rapier of venom (weapon)
Missiles
 y - 6 javelins {@Q2}
 Q - 123 poisoned darts
 U - 39 boomerangs (quivered)
 W - 4 curare-tipped darts
 Z - 5 throwing nets {!d , @Q1}
Armour
 n - the +0 leather armour of the Eternal Void {rElec rF+ Regen+ Str+3}
   (You found it on level 12 of the Dungeon)

   It affects your strength (+3).
   It protects you from fire.
   It insulates you from electricity.
   It increases your rate of regeneration.
 t - a +2 pair of gloves (worn)
 u - a +0 cloak (worn)
 B - a +0 pair of boots
 F - the +0 buckler of Beogh's Generosity (worn) {Dex+6}
   (You acquired it on level 2 of the Orcish Mines)

   It affects your dexterity (+6).
 I - the +4 ring mail "Uciradwitz" (worn) {rElec Dex+2}
   (You found it on level 3 of the Lair of Beasts)

   It affects your dexterity (+2).
   It insulates you from electricity.
 X - a +2 leather armour of willpower
Jewellery
 f - a ring of protection from fire (right hand)
 l - a +6 ring of strength
 m - a ring of willpower (left hand)
 q - the amulet "Gaaseupt" (around neck) {Will+ Regen+}
   (You bought it in a shop on level 2 of the Orcish Mines)

   [amulet of regeneration]

   It affects your willpower, your defense against some magical effects.
   It increases your rate of regeneration.
 s - an uncursed ring of see invisible
Wands
 e - a wand of disintegration (36)
 g - a wand of digging (20) {@v1}
 A - a wand of enslavement (10)
 C - a wand of paralysis (9) {@v7}
 E - a wand of acid (45) {@v2}
 G - a wand of iceblast (26) {@v4}
Scrolls
 c - a scroll of fog
 h - 2 scrolls of summoning
 k - 2 scrolls of brand weapon
 o - 7 scrolls of enchant armour
 p - a scroll of silence
 r - 7 scrolls of amnesia
 v - 6 scrolls of immolation
 M - 2 scrolls of magic mapping
 N - 8 scrolls of remove curse {@r3}
 R - 13 scrolls of identify {@r1}
 S - 5 scrolls of enchant weapon
 T - 6 scrolls of teleportation {!r, @r2}
 Y - 6 scrolls of fear
Potions
 i - 4 potions of haste {@q3,}
 j - 2 potions of berserk rage
 w - 2 potions of cancellation
 x - a potion of heal wounds {@q2}
 z - a potion of attraction
 D - 3 potions of lignification
 K - 7 potions of might {@q4}
 L - 7 potions of flight
 P - 6 potions of resistance {@q6}
 V - 12 potions of curing {@q1}
Miscellaneous
 H - a phantom mirror
 J - a tin of tremorstones (2/2) {@Q3}
 O - a box of beasts


   Skills:
 + Level 14.9 Fighting
 - Level 14.0 Short Blades
 + Level 6.2 Throwing
 - Level 8.0 Armour
 + Level 13.7 Dodging
 - Level 5.1 Stealth
 - Level 4.0 Shields
 + Level 15.6 Invocations
 - Level 4.0 Evocations


You had 16 spell levels left.
You didn't know any spells.
Your spell library contained the following spells:

 Spells                   Type           Power        Failure   Level
 Animate Skeleton         Necr           0%           45%         1
 Apportation              Tloc           0%           45%         1
 Corona                   Hex            0%           45%         1
 Summon Small Mammal      Summ           0%           45%         1
 Slow                     Hex            0%           58%         2
 Inner Flame              Hex/Fire       0%           83%         3
 Portal Projectile        Hex/Tloc       0%           83%         3
 Cause Fear               Hex            0%           99%         4
 Leda's Liquefaction      Hex/Erth       0%           99%         4
 Bolt of Magma            Conj/Fire/Erth 0%           100%        5
 Silence                  Hex/Air        0%           100%        5
 Yara's Violent Unravell  Hex/Tmut       0%           100%        5
 Iron Shot                Conj/Erth      0%           100%        6
 Statue Form              Tmut/Erth      0%           100%        6
 Discord                  Hex            0%           100%        8
 Shatter                  Erth           0%           100%        9


Dungeon Overview and Level Annotations

Branches:
Dungeon (15/15)            Temple (1/1) D:4            Lair (6/6) D:8
  Swamp (0/4) Lair:2        Snake (1/4) Lair:3        Slime (0/5) Lair:5
    Orc (2/2) D:12            Elf (2/3) Orc:2        Vaults (0/5) D:13
 Depths (1/5) D:15        Gauntlet (visited)

Altars:
Ashenzari
Cheibriados
Dithmenos
Elyvilon
Fedhas
Gozag
Hepliaklqana
Kikubaaqudgha
Makhleb
Nemelex Xobeh
Okawaru
Qazlal
Ru
Sif Muna
Trog
Uskayaw
Vehumet
Wu Jian
Xom
Yredelemnul
Zin
The Shining One
Jiyva

Shops:
D:5 :   D:15 [   Orc:2 =}(!?   Elf:2 ((

Annotations:
D:4 2 transporters, StoneSoupSpirit's ghost, novice DsCK
D:7 2 transporters, Jaiteiro's ghost, novice DrTm
D:9 2 transporters, ika404's ghost, novice HOFi
D:12 4 runed translucent doors
D:14 3 runed translucent doors
Lair:4 3 runed translucent doors, Zaegoraum's ghost, journeyman DsAK
Lair:5 exclusion: oklob plant


Innate Abilities, Weirdness & Mutations

You have a pair of large horns on your head.
You are completely covered in slimy green scales. (AC +4, rPois)
You regenerate a lot of health from kills.
You sometimes gain power by taking damage.


Message History

The great orb of eyes pulsates ominously.
The vampire knight casts a spell.
The vampire knight seems to speed up.
The vampire knight points at you and mumbles some strange words.
You resist with almost no effort.
You see here a large rock {!d, @Q4}.
The vampire knight completely misses you.
The vampire knight bites you but does no damage.
The vampire knight misses you.
The vampire knight bites you but does no damage.
The vampire knight hits you with a +2 battleaxe!!
* * * LOW HITPOINT WARNING * * *
You focus on the pain.
You feel very mighty all of a sudden.
The vampire knight completely misses you.
You take 26 damage, and have 63/140 hp.
You block the vampire knight's attack. The vampire knight barely misses you.
The vampire knight hits you with a +2 battleaxe!!
* * * LOW HITPOINT WARNING * * *
The vampire knight bites you but does no damage.
You take 27 damage, and have 40/140 hp.
Things that are here:
a +0 giant club; a +0 giant club The vampire knight points at you and mumbles some strange words.
You resist with almost no effort.
Items here: ))))))))))) [[.
You hit the vampire knight but do no damage.
The vampire knight is lightly damaged.
The vampire knight hits you with a +2 battleaxe!
* * * LOW HITPOINT WARNING * * *
The vampire knight completely misses you.
You take 15 damage, and have 28/140 hp.
You hit the vampire knight.
The vampire knight is lightly damaged.
You feel much better.
The vampire knight hits you with a +2 battleaxe!!
* * * LOW HITPOINT WARNING * * *
The vampire knight completely misses you.
You regained 5 hp, and now have 33/140 hp.
You puncture the vampire knight!
The vampire knight is moderately damaged.
The vampire knight hits you but does no damage.
The vampire knight completely misses you.
You puncture the vampire knight! You headbutt the vampire knight.
The vampire knight is heavily damaged.
The vampire knight hits you but does no damage.
The vampire knight bites you but does no damage.
You puncture the vampire knight!
The vampire knight is heavily damaged.
You can now pass through a line of other dancers.
You hit the vampire knight.
You headbutt the vampire knight, but do no damage.
The vampire knight is severely damaged.
The vampire knight misses you. The vampire knight bites you!
* * * LOW HITPOINT WARNING * * *
The vampire knight draws strength from your injuries!
You take 7 damage, and have 27/140 hp.
You hit the vampire knight but do no damage.
Your headbutt misses the vampire knight.
The vampire knight is heavily damaged.
You barely miss the vampire knight.
The vampire knight is heavily damaged.
The vampire knight misses you. The vampire knight bites you!
* * * LOW HITPOINT WARNING * * *
The vampire knight draws strength from your injuries!
You take 12 damage, and have 16/140 hp.
You hit the vampire knight.
The vampire knight is heavily damaged.
The vampire knight is infused with unholy energy.
* * * LOW HITPOINT WARNING * * *
The vampire knight draws life force from you and is healed!
You take 8 damage, and have 8/140 hp.
You feel much better.
The vampire knight hits you with a +2 battleaxe!
* * * LOW HITPOINT WARNING * * *
The vampire knight bites you but does no damage.
You regained 13 hp, and now have 21/140 hp.
You feel much better.
The vampire knight hits you with a +2 battleaxe!!
* * * LOW HITPOINT WARNING * * *
You focus on the pain.
You feel mightier all of a sudden.
The vampire knight completely misses you.
You take 2 damage, and have 19/140 hp.
You feel much better. You block the vampire knight's attack.
The vampire knight barely misses you.
You regained 29 hp, and now have 48/140 hp.
You hit the vampire knight. You headbutt the vampire knight.
The vampire knight is heavily damaged.
The vampire knight hits you with a +2 battleaxe!!
* * * LOW HITPOINT WARNING * * *
You block the vampire knight's attack.
You take 25 damage, and have 23/140 hp.
You puncture the vampire knight!
Your headbutt misses the vampire knight.
The vampire knight is severely damaged.
You puncture the vampire knight!
The vampire knight is almost destroyed.
The vampire knight is infused with unholy energy.
You die... ███ ██.█ ██@██ █V██ ██)██ ██.██ ██G██

██.██ ██.██
██.███████████
██...........


You could see a vampire knight (fast).

Vanquished Creatures
  Rupert (Lair:4)
  Aizul (Lair:3)
  A frost giant (Depths:1)
  A deep elf elementalist (Elf:2)
  3 very ugly things (Depths:1)
  3 stone giants
  2 ettins (Depths:1)
  Harold (D:11)
  3 great orbs of eyes (Depths:1)
  A deep elf death mage (Elf:2)
  6 hydras
  2 vault guards (D:13)
  2 rakshasas (Depths:1)
  2 naga warriors (Snake:1)
  2 boulder beetles
  Erica (D:10)
  A centaur warrior (D:10)
  7 two-headed ogres
  2 anacondas (Snake:1)
  A death knight (D:14)
  An ogre mage (Depths:1)
  26 dancing weapons
  A shock serpent (Snake:1)
  5 orc high priests
  2 naga sharpshooters (Snake:1)
  A shock serpent (shapeshifter) (Depths:1)
  Sonja (D:12)
  15 deep elf knights
  A skeletal warrior (D:14)
  An unseen horror (D:12)
  2 wizards (D:13)
  2 glowing orange brains
  3 naga ritualists (Snake:1)
  A swamp dragon (Lair:6)
  7 deep elf archers
  A swamp dragon (shapeshifter) (D:15)
  An orange crystal statue (Depths:1)
  A lindwurm (Lair:6)
  3 orc knights (Orc:2)
  2 oklob plants
  An orc sorcerer (Orc:2)
  37 deep elf magi
  4 mana vipers (Snake:1)
  9 ugly things
  2 manticores
  3 salamanders (Snake:1)
  8 elephants
  A guardian serpent (Snake:1)
  15 black mambas
  2 naga magi (Snake:1)
  A freezing wraith (D:14)
  3 kobold demonologists (D:14)
  6 rime drakes
  A cane toad (shapeshifter) (D:15)
  12 cane toads
  Maggie (D:10)
  A yaktaur (shapeshifter) (D:15)
  9 komodo dragons
  2 tengu conjurers (Depths:1)
  6 polar bears
  4 trolls
  A hornet (D:13)
  A queen bee (shapeshifter) (D:15)
  12 slime creatures
  21 blink frogs
  2 air elementals (Elf:1)
  3 water elementals
  4 shadows
  3 wraiths
  46 yaks
  10 basilisks
  19 humans (D:13)
  6 wyverns
  A human (shapeshifter) (Elf:1)
  3 fire elementals
  3 steam dragons (Lair:6)
  7 vampire mosquitoes (D:13)
  2 wargs
  12 nagas
  An acid dragon (D:13)
  12 water moccasins
  7 black bears
  4 sky beasts
  29 orc warriors
  A hornet zombie (D:9)
  A swamp drake (Lair:6)
  2 necrophages
  An eye of draining (D:9)
  4 ice beasts
  4 phantoms
  4 boggarts (Lair:5)
  15 ogres
  12 wolves
  9 centaurs
  5 big kobolds
  A gnoll sergeant (Orc:2)
  15 bullfrogs
  An earth elemental (Elf:1)
  A wyvern skeleton (D:7)
  2 scorpions (D:12)
  22 wights
  An electric eel (Lair:1)
  3 howler monkeys
  A bullfrog zombie (D:5)
  A quasit (D:11)
  5 centaur zombies
  33 orc priests
  A hound (D:4)
  4 centaur skeletons
  6 jellies
  3 bullfrog skeletons
  14 orc wizards
  7 hell rats (Lair:3)
  5 iguanas
  6 worker ants
  3 worker ant zombies
  Robin (D:1)
  9 gnolls
  9 adders
  4 white imps
  An ufetubus (D:7)
  4 adder skeletons
  3 worms
  2 dart slugs
  6 leopard geckos
  86 orcs
  3 ball pythons
  6 bats
  6 giant cockroaches
  15 goblins
  8 hobgoblins
  8 jackals
  A quokka (D:5)
  5 frilled lizards
  26 kobolds
  A quokka skeleton (D:5)
  8 rats
  A butterfly (Lair:4)
863 creatures vanquished.

Vanquished Creatures (collateral kills)
  Snorg (Orc:1)
  An orc priest (Orc:1)
  An orc (Orc:1)
3 creatures vanquished.

Vanquished Creatures (others)
  70 fungi
  103 plants
173 creatures vanquished.

Grand Total: 1039 creatures vanquished

Notes
Turn   | Place    | Note
-------+----------+-------------------------------------------
     0 | D:5      | Goblin1989 the Demonspawn Delver began the quest for the
                  | Orb.
     0 | D:5      | Reached XP level 1. HP: 18/18 MP: 1/1
     7 | D:5      | Found a shadowy altar of Dithmenos.
    22 | D:4      | Noticed a hound
   576 | D:1      | Gained mutation: You regenerate a little health from kills.
                  | [demonic ancestry]
   576 | D:1      | Reached XP level 2. HP: 23/24 MP: 2/2
  1132 | D:2      | Noticed Robin
  1138 | D:1      | Gained mutation: You sometimes gain a little power by
                  | taking damage. [demonic ancestry]
  1138 | D:1      | Reached XP level 3. HP: 4/29 MP: 3/3
  1670 | D:2      | Reached skill level 1 in Throwing
  2102 | D:2      | Found an ancient bone altar of Kikubaaqudgha.
  2578 | D:3      | Reached XP level 4. HP: 16/35 MP: 4/4
  3137 | D:1      | Killed Robin
  3138 | D:1      | Reached skill level 5 in Stealth
  3577 | D:3      | Gained mutation: You are partially covered in slimy green
                  | scales. (AC +2) [demonic ancestry]
  3577 | D:3      | Reached XP level 5. HP: 41/41 MP: 5/5
  3705 | D:4      | Found a transporter.
  3754 | D:4      | Found a stormy altar of Qazlal.
  3789 | D:4      | Noticed StoneSoupSpirit's ghost (novice DsCK)
  3810 | D:4      | Found a hazy altar of Hepliaklqana.
  4001 | D:4      | Found a transporter.
  4066 | D:4      | Found a staircase to the Ecumenical Temple.
  4076 | Temple   | Entered the Ecumenical Temple
  4150 | Temple   | Became a worshipper of Uskayaw the Reveller
  4348 | D:5      | Reached * piety under Uskayaw
  4375 | D:5      | Reached ** piety under Uskayaw
  4382 | D:5      | Reached *** piety under Uskayaw
  4396 | D:5      | Found Famicioq's Book Emporium.
  4434 | D:5      | Reached skill level 1 in Armour
  4434 | D:5      | Gained mutation: You have a pair of small horns on your
                  | head. [demonic ancestry]
  4434 | D:5      | Reached XP level 6. HP: 45/47 MP: 6/6
  5244 | D:6      | Reached skill level 1 in Invocations
  5244 | D:6      | Gained mutation: You are mostly covered in slimy green
                  | scales. (AC +3) [demonic ancestry]
  5244 | D:6      | Reached XP level 7. HP: 40/53 MP: 7/7
  5255 | D:6      | Reached skill level 1 in Evocations
  5256 | D:6      | Reached **** piety under Uskayaw
  5306 | D:6      | Reached skill level 5 in Short Blades
  5461 | D:6      | Reached skill level 2 in Invocations
  5767 | D:6      | Gained mutation: You have a pair of horns on your head.
                  | [demonic ancestry]
  5767 | D:6      | Reached XP level 8. HP: 51/59 MP: 9/9
  6201 | D:7      | Found a snail-covered altar of Cheibriados.
  6365 | D:7      | Found a transporter.
  6429 | D:7      | Found a transporter.
  6430 | D:7      | Found a bloodstained altar of Trog.
  6430 | D:7      | Noticed Jaiteiro's ghost (novice DrTm)
  6451 | D:7      | Noticed a moth of wrath
  6497 | D:7      | Reached skill level 3 in Invocations
  7302 | D:7      | Found a basalt altar of Yredelemnul.
  7310 | D:7      | Found a sparkling altar of Nemelex Xobeh.
  7317 | D:7      | Found a radiant altar of Vehumet.
  7324 | D:7      | Found an opulent altar of Gozag.
  7332 | D:7      | Found a broken altar of Ashenzari.
  7340 | D:7      | Found a bloodstained altar of Trog.
  7345 | D:7      | Found a glowing golden altar of the Shining One.
  7462 | D:8      | Reached skill level 4 in Invocations
  7667 | D:8      | Reached skill level 5 in Fighting
  7669 | D:8      | Gained mutation: You are completely covered in slimy green
                  | scales. (AC +4, rPois) [demonic ancestry]
  7669 | D:8      | Reached XP level 9. HP: 33/68 MP: 12/12
  7901 | D:8      | Noticed a komodo dragon
  8146 | D:8      | Killed a komodo dragon
  8147 | D:8      | Reached skill level 5 in Invocations
  8523 | D:8      | Found a staircase to the Lair.
  8580 | D:8      | Found a shimmering altar of Xom.
  9100 | D:9      | Reached skill level 5 in Dodging
  9195 | D:9      | Found a blossoming altar of Fedhas.
  9198 | D:9      | Found a transporter.
  9198 | D:9      | Noticed ika404's ghost (novice HOFi)
  9213 | D:9      | Found a transporter.
  9281 | D:9      | Gained mutation: You regenerate health from kills. [demonic
                  | ancestry]
  9281 | D:9      | Reached XP level 10. HP: 62/76 MP: 13/13
  9417 | D:9      | Got a slimy war axe
 10143 | D:10     | Entered Level 10 of the Dungeon
 10271 | D:10     | Reached skill level 5 in Armour
 10608 | D:10     | Found a bloodstained altar of Trog.
 10632 | D:10     | Noticed a centaur warrior
 10637 | D:10     | Killed a centaur warrior
 10885 | D:10     | Noticed Maggie
 10888 | D:10     | Killed Maggie
 10928 | D:10     | Noticed Erica
 10978 | D:10     | Killed Erica
 11146 | D:10     | Noticed a two-headed ogre
 11151 | D:10     | Killed a two-headed ogre
 11152 | D:10     | Gained mutation: You regenerate a lot of health from kills.
                  | [demonic ancestry]
 11152 | D:10     | Reached XP level 11. HP: 84/84 MP: 14/14
 11647 | Lair:1   | Entered Level 1 of the Lair of Beasts
 12192 | Lair:1   | Got a jewelled great sword
 12266 | Lair:1   | Reached skill level 10 in Short Blades
 12543 | Lair:1   | Reached ***** piety under Uskayaw
 12684 | Lair:1   | Reached skill level 6 in Invocations
 13032 | Lair:1   | Identified the +9 great sword "Izygg" {drain, Fragile rN+
                  | Int+2 Dex+3} (You found it on level 1 of the Lair of
                  | Beasts)
 13051 | Lair:2   | Noticed an oklob plant
 13057 | Lair:2   | Killed an oklob plant
 13142 | Lair:2   | Noticed a six-headed hydra
 13151 | Lair:2   | Killed a six-headed hydra
 13258 | Lair:2   | Found a staircase to the Swamp.
 13990 | Lair:3   | Reached ****** piety under Uskayaw
 13992 | Lair:3   | Reached skill level 7 in Invocations
 14101 | Lair:3   | Gained mutation: You have a pair of large horns on your
                  | head. [demonic ancestry]
 14101 | Lair:3   | Reached XP level 12. HP: 78/94 MP: 17/17
 14107 | Lair:3   | Got a twisted ring mail
 14208 | Lair:2   | Identified the +4 ring mail "Uciradwitz" {rElec Dex+2} (You
                  | found it on level 3 of the Lair of Beasts)
 14470 | Lair:3   | Found a staircase to the Snake Pit.
 15218 | Lair:4   | Got a scorched morningstar
 15228 | Lair:4   | Identified the +8 morningstar "Rihaxuc" {flame, Str+2} (You
                  | found it on level 4 of the Lair of Beasts)
 15318 | Lair:4   | Noticed Rupert
 15334 | Lair:4   | Killed Rupert
 15335 | Lair:4   | Reached skill level 8 in Invocations
 16132 | Lair:4   | Found a runed translucent gate.
 16133 | Lair:4   | Found a runed translucent gate.
 16135 | Lair:4   | Found a runed translucent gate.
 16136 | Lair:4   | Noticed Zaegoraum's ghost (journeyman DsAK)
 16139 | Lair:4   | Noticed a death ooze
 16140 | Lair:4   | Found a viscous altar of Jiyva.
 16316 | Lair:4   | Noticed an eight-headed hydra
 16423 | Lair:4   | Killed an eight-headed hydra
 16956 | Lair:4   | Got a smoking mace
 17319 | Lair:5   | Reached XP level 13. HP: 51/102 MP: 19/19
 17911 | Lair:5   | Found a staircase to the Slime Pits.
 17979 | Lair:5   | Reached skill level 10 in Fighting
 18613 | Lair:6   | Entered Level 6 of the Lair of Beasts
 19712 | Lair:6   | Noticed a fire dragon
 20575 | D:11     | Noticed Harold
 20584 | D:11     | Killed Harold
 21349 | D:12     | Got a fine leather armour
 21512 | D:12     | Found a staircase to the Orcish Mines.
 21784 | D:12     | Noticed a fire dragon
 21787 | D:12     | Noticed a fire dragon
 21788 | D:12     | Found the +2 shield of Resistance {rF++ rC++ Will++}
 21790 | D:12     | Found a runed translucent door.
 21840 | D:12     | Reached XP level 14. HP: 110/113 MP: 20/20
 21844 | D:12     | Reached skill level 10 in Dodging
 21991 | D:12     | Found a runed translucent door.
 22031 | D:12     | Noticed Sonja
 22051 | D:12     | Killed Sonja
 22055 | D:12     | Got a distressingly furry plate armour
 22252 | D:11     | Identified the +3 plate armour of Disaster {Dex+4} (You
                  | found it on level 12 of the Dungeon)
 22262 | D:11     | Identified the +0 leather armour of the Eternal Void {rElec
                  | rF+ Regen+ Str+3} (You found it on level 12 of the Dungeon)
 22349 | D:12     | Found a runed translucent door.
 22361 | D:12     | Identified the amulet "Kyusuomn" {rPois rC- Regen+ SInv}
 22382 | D:12     | Found a runed translucent door.
 22383 | D:12     | Noticed a frost giant
 22384 | D:12     | Got a crude dire flail
 22641 | D:12     | Noticed a fire giant
 22642 | D:12     | Noticed a shadow dragon
 22674 | Orc:1    | Entered Level 1 of the Orcish Mines
 22674 | Orc:1    | Noticed Snorg
 22682 | Orc:1    | Killed Snorg
 22786 | Orc:2    | Entered Level 2 of the Orcish Mines
 22786 | Orc:2    | Found a staircase to the Elven Halls.
 23009 | Orc:1    | Reached skill level 9 in Invocations
 23670 | Orc:2    | Found Yptefrej's Magic Scroll Shoppe.
 23763 | Orc:2    | Identified a scroll of acquirement
 23877 | Orc:2    | Acquired the +0 buckler of Beogh's Generosity {Dex+6}
 24214 | Orc:2    | Reached skill level 1 in Shields
 24903 | Orc:2    | Found Dedewk's Distillery.
 24906 | Orc:2    | Found Sudingaq's Weapon Boutique.
 24909 | Orc:2    | Found Afug's Gadget Shop.
 24910 | Orc:2    | Found Suilugav's Jewellery Shop.
 24922 | Orc:2    | Bought the amulet "Gaaseupt" {Will+ Regen+} for 724 gold
                  | pieces
 24922 | Orc:2    | Bought an uncursed ring of protection from fire for 425
                  | gold pieces
 24922 | Orc:2    | Bought an uncursed ring of willpower for 425 gold pieces
 24922 | Orc:2    | Bought an uncursed ring of see invisible for 255 gold
                  | pieces
 25060 | D:13     | Found a gate leading to a gauntlet.
 25073 | Gauntlet | Entered a Gauntlet
 25073 | Gauntlet | Found a transporter.
 25073 | Gauntlet | Found a transporter.
 25081 | Gauntlet | Found a transporter.
 25085 | Gauntlet | Found a transporter.
 25093 | Gauntlet | Found a transporter.
 25097 | Gauntlet | Found a transporter.
 25105 | Gauntlet | Found a transporter.
 25122 | Gauntlet | Found a transporter.
 25140 | Gauntlet | Found a transporter.
 25140 | Gauntlet | Found a transporter.
 25153 | Gauntlet | Found a transporter.
 25154 | Gauntlet | Found a transporter.
 25458 | D:13     | Reached skill level 10 in Invocations
 25526 | Orc:2    | Bought a scroll of magic mapping for 49 gold pieces
 25861 | D:13     | Found a gate to the Vaults.
 27470 | D:14     | Reached skill level 11 in Invocations
 27485 | D:14     | Found a runed translucent gate.
 27485 | D:14     | Found a runed translucent gate.
 27485 | D:14     | Found a runed translucent gate.
 27488 | D:14     | Noticed a green very ugly thing
 27492 | D:14     | Noticed a brown very ugly thing
 27614 | D:14     | Reached XP level 15. HP: 121/122 MP: 23/23
 28335 | D:15     | Entered Level 15 of the Dungeon
 28430 | D:15     | Found a snail-covered altar of Cheibriados.
 28430 | D:15     | Found Cheibriados's Comfort Zone.
 28919 | D:15     | Found a staircase to the Depths.
 29164 | Snake:1  | Entered Level 1 of the Snake Pit
 29204 | Snake:1  | Reached skill level 12 in Invocations
 29321 | Snake:1  | Noticed Aizul
 29656 | Lair:3   | Killed Aizul
 31400 | Elf:1    | Entered Level 1 of the Elven Halls
 31422 | Elf:1    | Reached skill level 13 in Invocations
 31925 | Elf:1    | HP: 3/112 [deep elf mage/bolt of negative energy (36)]
 32177 | Elf:1    | Gained mutation: You sometimes gain power by taking damage.
                  | [demonic ancestry]
 32177 | Elf:1    | Reached XP level 16. HP: 118/127 MP: 26/26
 32433 | Elf:2    | Reached skill level 14 in Invocations
 32617 | Elf:2    | Found Unill's Weapon Shoppe.
 32622 | Elf:2    | Found Sic Lasi's Antique Weapon Emporium.
 33002 | Elf:2    | Found a huge runed translucent gate.
 33002 | Elf:2    | Found a huge runed translucent gate.
 33002 | Elf:2    | Found a huge runed translucent gate.
 33002 | Elf:2    | Found a huge runed translucent gate.
 33003 | Elf:2    | Found a huge runed translucent gate.
 34418 | Elf:2    | Reached skill level 5 in Throwing
 34542 | Elf:2    | Reached skill level 15 in Invocations
 35113 | Depths:1 | Entered Level 1 of the Depths
 35413 | Depths:1 | Noticed a sphinx
 35728 | Depths:1 | Reached XP level 17. HP: 104/140 MP: 28/28
 36272 | Depths:1 | Killed from afar by a vampire knight

Illustrated notes

Levels and vault maps discovered:
D:1:      ebering_hopf_link, layout_loops_ring
D:2:      layout_rooms, general_overflow_altar, uniq_robin
D:3:      layout_loops_cross
D:4:      layout_cave_pools, lemuel_coloured_pillars_altar,
          minmay_temple_entry_statues_fountains, gammafunk_ghost_stat_death,
          lemuel_tele_altar
D:5:      layout_cave_pools, kennysheep_mini_moat, serial_shops,
          nicolae_shop_crystal, gup_sewer_entry_glass
D:6:      layout_cave_pools
D:7:      layout_cave_pools, grunt_temple_overflow_octagram,
          lemuel_crystal_altar, gammafunk_ghost_wrathful_warriors
D:8:      layout_basic, overflow_temple_1_default, due_lair_maze_entry_diamond
D:9:      layout_loops_ring, gammafunk_ghost_stat_death, fedhas_ov_isle_minmay
D:10:     layout_basic, trog_ov_bears_minmay, uniq_erica, uniq_maggie
D:11:     layout_gridville, uniq_harold
D:12:     minmay_expanding_circles, layout_irregular_city, orc_0_dummy,
          minmay_guarded_unrand_resistance, uniq_sonja
D:13:     layout_layer_cave, grunt_vaults_entry_tiered, gauntlet_entry_generic
D:14:     layout_irregular_city, wad_floor_pattern_untrapped,
          ploomutoo_gammafunk_ghost_potion_laboratory
D:15:     gammafunk_enter_depths_forms, layout_long_grid, wad_floor_pattern_1,
          minmay_shop_chei
Temple:   eino_temple_lava
Lair:1:   layout_chaotic_city, infiniplex_staircase_pool, serial_bayou_shore_b
Lair:2:   layout_regular_city, swamp_mist
Lair:3:   layout_regular_city, minmay_snake_entry_guardpost_small,
          beast_lair_carwin_2
Lair:4:   layout_cave_pods, gammafunk_ghost_ooze, hibernation_bobbens,
          grunt_megastairs_5, lemuel_fruit_fields, uniq_rupert
Lair:5:   layout_cave_pods, minmay_slime_entry_oklob_open,
          kilobyte_rumbling_trees
Lair:6:   guppyfry_lair_end_dragon, layout_cave_pods
Snake:1:  layout_layer_cave, st_stairs_14, nicolae_snake_double_loop,
          nicolae_snake_biting_tails, uniq_aizul
Orc:1:    layout_diamond_mine, uniq_snorg
Orc:2:    st_orc_pillars, layout_caves, serial_shops, shop,
          statue_in_the_mist_lemuel
Elf:1:    layout_loops_cross, minivault_28
Elf:2:    layout_gridlike, minmay_shoptagon
Depths:1: layout_big_octagon, minmay_room_of_horrors, grunt_hell_entry_dis_old,
          evilmike_ruin_ashenzari, dpeg_stationary_puzzle

Skill      XL: |  1  2  3  4  5  6  7  8  9 10 11 12 13 14 15 16 17 |
---------------+----------------------------------------------------+-----
Short Blades   | 2 3 4 5 6 7 9 10 12 13 14 | 14.0
Throwing       | 1 2 3 5 6 |  6.2
Stealth        | 5 |  5.1
Dodging        | 2 3 4 5 6 7 8 9 11 12 13 | 13.7
Armour         | 1 2 3 4 6 7 8 |  8.0
Invocations    | 1 2 4 5 7 8 11 13 15 | 15.6
Evocations     | 1 3 4 |  4.0
Fighting       | 4 5 6 7 8 9 11 12 13 14 | 14.9
Shields        | 4 |  4.0

Action                   |  1- 3 |  4- 6 |  7- 9 | 10-12 | 13-15 | 16-18 || total
-------------------------+-------+-------+-------+-------+-------+-------++-------
Melee: Short sword       |   118 |     5 |       |       |       |       ||   123
       Dagger            |       |   193 |   366 |   225 |       |       ||   784
       Headbutt          |       |    11 |    88 |   181 |   547 |   167 ||   994
       Rapier            |       |       |    91 |   690 |  1992 |   557 ||  3330
Throw: Dart              |    58 |     1 |    25 |     1 |       |     1 ||    86
       Stone             |     8 |       |       |       |       |       ||     8
       Boomerang         |    16 |       |       |     9 |       |     5 ||    30
Invok: Grand Finale      |       |       |       |       |       |     1 ||     1
Evoke: Wand              |       |       |     4 |    47 |    30 |    24 ||   105
       Phantom mirror    |       |       |       |       |     1 |       ||     1
       Box of beasts     |       |       |       |       |       |     1 ||     1
       Tin of tremorston |       |       |       |       |       |     1 ||     1
  Use: Scroll            |     2 |     1 |    10 |     5 |    20 |     3 ||    41
       Potion            |     1 |       |       |     1 |     2 |     6 ||    10
 Stab: Sleeping          |     3 |     5 |     2 |     4 |    13 |     4 ||    31
       Paralysed         |       |     1 |    15 |    27 |   124 |    18 ||   185
       Distracted        |       |     1 |       |       |     2 |     2 ||     5
       Confused          |       |       |       |       |     1 |       ||     1
Armor: Leather armour    |    32 |    53 |    63 |       |       |       ||   148
       Chain mail        |       |       |    62 |       |       |       ||    62
       Plate armour      |       |       |    44 |   323 |       |       ||   367
       Ring mail         |       |       |       |    88 |   519 |    88 ||   695
Dodge: Dodged            |    99 |   111 |   188 |   332 |  1277 |   245 ||  2252
Block: Buckler           |       |       |       |       |   152 |    84 ||   236
